 Dungeon Crawl Stone Soup version 0.28-a0-305-g9e858e973b (webtiles) character file.

Game seed: 8188006616577074751

1084 avis the Insei (level 8, -4/55 HPs)
             Began as an Octopode Transmuter on Aug 29, 2021.
             Slain by Duvessa (17 damage)
             ... on level 6 of the Dungeon on Aug 30, 2021.
             The game lasted 00:46:08 (7523 turns).

avis the Insei (Octopode Transmuter)                Turns: 7523, Time: 00:46:08

Health: -4/55      AC:  2    Str: 11    XL:     8   Next: 30%
Magic:  17/20      EV: 19    Int: 15    God:
Gold:   297        SH:  0    Dex: 18    Spells: 3/11 levels left

rFire   . . .      SeeInvis .     - Unarmed
rCold   . . .      Faith    .   (shield currently unavailable)
rNeg    . . .      Spirit   .   (helmet currently unavailable)
rPois   x          Reflect  .   (no amulet)
rElec   .          Harm     .   f - ring of magical power
rCorr   .          Rampage  .   (no ring)
Will    .....                   (no ring)
Stlth   +.........              (no ring)
HPRegen 0.18/turn               (no ring)
MPRegen 0.17/turn               (no ring)
                                (no ring)
                                (no ring)

@: lit by a corona, spider-form, glowing
A: venomous fangs, almost no armour, (amphibious), 8 rings, tiny, (camouflage
1), (gelatinous body 1), (nimble swimmer 1), (tentacles)
a: End Transformation


You were on level 6 of the Dungeon.
You were a venomous arachnid creature.
You visited 1 branch of the dungeon, and saw 6 of its levels.
You also visited: Sewer.

You collected 297 gold pieces.

Inventory:

Hand Weapons
 a - a +5 club (melded)
 b - a +1 hunting sling
 o - a +2 dagger of protection
 x - the +8 demon trident "Rift" {distort, reach+}
   (You found it on level 5 of the Dungeon)

   It warps and distorts space around it, and may blink, banish, or inflict
   extra damage upon those it strikes.
   Unwielding it can cause banishment or high damage.
   It can reach especially far, and its reaching attacks ignore other creatures
   in the way.
Missiles
 l - 112 stones
 m - 107 arrows
 n - 9 bolts
 y - 24 sling bullets
 A - 5 boomerangs
Armour
 d - a +1 buckler (melded)
Jewellery
 f - a ring of magical power (left front leg)
Scrolls
 c - a scroll of enchant armour
 h - 5 scrolls of teleportation
 k - a scroll of enchant weapon
 t - a scroll of fear
 D - a scroll of vulnerability {unknown}
Potions
 e - a potion of curing
 g - 4 potions of invisibility
 i - 2 potions of heal wounds
 p - a potion of experience
 q - a potion of haste
 r - a potion of resistance {unknown}
 s - a potion of magic {unknown}
 v - a potion of mutation {unknown}
 B - a potion of degeneration {unknown}


   Skills:
 + Level 5.0 Fighting
 - Level 2.0 Dodging
 - Level 3.0 Stealth
 - Level 4.0 Shields
 * Level 5.8 Unarmed Combat
 - Level 2.0 Spellcasting
 - Level 4.0 Transmutations
 - Level 2.0 Poison Magic


You had 3 spell levels left.
You knew the following spells:

 Your Spells              Type           Power      Damage    Failure   Level
a - Beastly Appendage     Tmut           26%        N/A       13%         1
p - Spider Form           Tmut/Pois      5%         N/A       38%         3
q - Ice Form              Ice/Tmut       7%         N/A       85%         4

Your spell library contained the following spells:

 Spells                   Type           Power      Damage    Failure   Level
 Wereblood                Tmut           13%        N/A       17%         2
 Corona                   Hex            1%         N/A       43%         1
 Ensorcelled Hibernation  Hex/Ice        2%         N/A       54%         2
 Summon Guardian Golem    Hex/Summ       1%         N/A       75%         3
 Tukima's Dance           Hex            1%         N/A       75%         3
 Iskenderun's Battlesphe  Conj           1%         2d6       100%        5
 Summon Forest            Summ/Tloc      0%         N/A       100%        5
 Summon Mana Viper        Hex/Summ       1%         N/A       100%        5
 Iron Shot                Conj/Erth      0%         9d1       100%        6
 Orb of Destruction       Conj           0%         N/A       100%        7
 Spellforged Servitor     Conj/Summ      0%         N/A       100%        7


Dungeon Overview and Level Annotations

Branches:
Dungeon (6/15)              Sewer (visited)
 Temple: D:4-7

Altars:
Makhleb
Beogh

Shops:
D:3 :**

Annotations:
D:6 Dowan, Duvessa


Innate Abilities, Weirdness & Mutations

You are a venomous arachnid creature.
You have poisonous fangs.
You are tiny and dextrous.
Your spellcasting is less reliable in this form.
Your armour is entirely melded.
You are incapable of wielding weapons or throwing items.
You cannot wear most types of armour.
((You are amphibious.))
You can wear up to eight rings at the same time.
((Your skin changes colour to match your surroundings (Stealth+).))
((Your rubbery body absorbs attacks. (AC +1, EV +1)))
((You are camouflaged near water. (Stealth+)))
((You have tentacles for arms and can constrict up to eight enemies at once.))


Message History

Dowan casts a spell at you. The puff of frost hits you!
Duvessa drinks a potion.
Duvessa seems to grow stronger.
The centaur shouts!
The yak bellows!
Dowan points at Duvessa and mumbles some strange words.
Duvessa seems to speed up.
Duvessa barely misses you.
The adder hisses angrily.
You hit Duvessa.
Duvessa is poisoned.
Duvessa is lightly wounded.
Your transformation has ended.
Your +5 club unmelds from your body.
Your +1 buckler unmelds from your body.
You block Duvessa's attack. Dowan hits you with a +0 dagger.
Duvessa closely misses you.
Casting: Spider Form (dangerous; 19% risk of failure)
Confirm with . or Enter, or press ? or * to list all spells.
You turn into a venomous arachnid creature.
Your +5 club melds into your body.
Your +1 buckler melds into your body.
Dowan barely misses you.
Duvessa hits you with a +5 short sword of venom!
You bite Duvessa!
Duvessa looks even sicker.
Duvessa is moderately wounded.
Duvessa hits you with a +5 short sword of venom!
Dowan completely misses you.
Duvessa hits you with a +5 short sword of venom.
* * * LOW HITPOINT WARNING * * *
You are lethally poisoned!
You feel much better.
You feel very sick. Dowan hits you with a +0 dagger.
Duvessa hits you with a +5 short sword of venom!
You feel better.
Duvessa hits you with a +5 short sword of venom!
* * * LOW HITPOINT WARNING * * *
Dowan casts a spell at you.
You are outlined in light.
Duvessa completely misses you.
You hit Duvessa.
Duvessa looks as sick as possible!
Duvessa is severely wounded.
Dowan misses you.
Duvessa hits you with a +5 short sword of venom!
You die...

****#######.).....####
*,,,..............#
****########+#'##.#
#.......#****
######....#,,,,
###....#....#,***
##......+.##..>...
##.......####......
##.s...#### #......
#.ee.### #......
*#...###*** #......
#....##SY,* #......
#...##*cS.# *.$....
#...* *,.$# *,,,,,,
#...* **### ****+***
##+#* *,,,,,,, *,*
*,,,,***


You could see a yak, Duvessa (fast, strong, extremely poisoned), Dowan (very
poisoned), a centaur and 2 adders.

Vanquished Creatures
  A water moccasin (D:5)
  A sky beast (D:3)
  An ogre (D:5)
  A phantom (D:2)
  2 bullfrogs (Sewer)
  2 water moccasin skeletons (D:5)
  A centaur zombie (D:5)
  A jelly (D:5)
  An orc priest (D:3)
  2 hounds (D:5)
  An iguana (D:5)
  2 orc wizards
  A hound skeleton (D:4)
  A hound zombie (D:5)
  Robin (D:4)
  11 adders
  3 river rats
  A white imp (D:3)
  A dart slug (D:2)
  6 orcs
  8 endoplasms
  4 giant cockroaches
  15 goblins
  6 hobgoblins
  A quokka (D:4)
  18 ball pythons
  5 bats
  3 frilled lizards
  9 kobolds
  31 rats
141 creatures vanquished.

Vanquished Creatures (others)
  59 plants (D:5)
59 creatures vanquished.

Grand Total: 200 creatures vanquished

Notes
Turn   | Place    | Note
-------+----------+-------------------------------------------
     0 | D:1      | avis the Octopode Transmuter began the quest for the Orb.
     0 | D:1      | Reached XP level 1. HP: 13/13 MP: 3/3
   222 | D:1      | Reached XP level 2. HP: 19/19 MP: 3/5
   241 | D:1      | Reached skill level 1 in Stealth
   816 | D:1      | Found a faded altar of an unknown god.
   987 | D:2      | Reached XP level 3. HP: 23/25 MP: 4/6
   997 | D:1      | Learned a level 3 spell: Spider Form
  1667 | D:2      | Reached skill level 1 in Poison Magic
  1954 | D:2      | Found a burning altar of Makhleb.
  2223 | D:3      | Found Fyuss's Assorted Antiques.
  2252 | D:3      | Reached XP level 4. HP: 31/31 MP: 7/7
  2289 | D:3      | Found Nisif's Assorted Antiques.
  2593 | D:3      | Reached XP level 5. HP: 28/37 MP: 8/8
  2676 | D:3      | Found Citeq's Book Shoppe.
  3084 | D:3      | Noticed a sky beast
  3086 | D:3      | Noticed a phantom
  3133 | D:2      | Killed a phantom
  3134 | D:2      | Reached XP level 6. HP: 14/43 MP: 9/9
  3372 | D:3      | Killed a sky beast
  4662 | D:4      | Noticed Robin
  4687 | D:4      | Killed Robin
  4688 | D:4      | Reached skill level 1 in Shields
  5118 | D:5      | Entered Level 5 of the Dungeon
  5209 | D:5      | Found a glowing drain.
  5219 | Sewer    | Entered a sewer
  5570 | Sewer    | Reached XP level 7. HP: 39/48 MP: 10/10
  5771 | Sewer    | Reached skill level 5 in Unarmed Combat
  6656 | D:5      | Found the +8 demon trident "Rift" {distort, reach+}
  6777 | D:5      | Learned a level 4 spell: Ice Form
  6792 | D:5      | Reached skill level 5 in Fighting
  6891 | D:5      | Reached XP level 8. HP: 40/55 MP: 11/11
  7507 | D:6      | Noticed Dowan
  7508 | D:6      | Noticed Duvessa
  7514 | D:6      | Noticed a yak
  7523 | D:6      | Slain by Duvessa

Illustrated notes

Levels and vault maps discovered:
D:1:      lightli_molten_gateway, layout_basic, ebering_ecumenical_altar_box
D:2:      layout_basic, basic_altar, supply_closet_lemuel
D:3:      minmay_angry_zag, layout_rooms, serial_shops,
          nicolae_shop_statue_plus, nicolae_diamond_shop, shop_statue,
          kennysheep_orc_chapel
D:4:      layout_loops_ring, uniq_robin
D:5:      layout_loops_cross, cheibrodos_sewer_entry_sluice, kennysheep_boxes
D:6:      layout_basic, chequers_temple_overflow_statue_of_worship,
          nicolae_ossuary_entry_ruins, gammafunk_ghost_split,
          grunt_ministairs_11, lightli_corner_chamber, uniq_duvessa

Skill      XL: |  1  2  3  4  5  6  7  8 |
---------------+-------------------------+-----
Fighting       | 2 3 4 5 |  5.0
Stealth        | 1 2 3 |  3.0
Poison Magic   | 2 |  2.0
Transmutations | 3 4 |  4.0
Unarmed Combat | 4 5 |  5.8
Shields        | 1 4 |  4.0
Dodging        | |  2.0
Spellcasting   | |  2.0

Action                   |  1- 3 |  4- 6 |  7- 9 || total
-------------------------+-------+-------+-------++-------
Melee: Unarmed           |    81 |   109 |    40 ||   230
       Tentacles         |    15 |     5 |     4 ||    24
       Constrict         |    15 |     6 |     9 ||    30
       Kick              |    14 |     5 |     3 ||    22
       Punch             |     2 |       |     1 ||     3
       Club              |       |    13 |    43 ||    56
 Fire: Hunting sling     |       |    28 |    70 ||    98
 Cast: Beastly Appendage |    29 |    11 |     9 ||    49
       Spider Form       |     7 |    20 |    12 ||    39
  Use: Potion            |       |     1 |     3 ||     4
       Scroll            |       |       |    12 ||    12
 Stab: Sleeping          |     9 |     4 |     1 ||    14
Armor: Skin              |     1 |     5 |     9 ||    15
Dodge: Dodged            |    26 |    90 |    70 ||   186
Block: Buckler           |       |       |    15 ||    15

Table legend: (Time is in decaauts)
 A = Elapsed time spent in this place.
 B = Non-inter-level travel time spent in this place.
 C = Inter-level travel time spent in this place.
 D = Time resting spent in this place.
 E = Time spent auto-exploring this place.
 F = Levels seen in this place.
 G = Mean time per level.
                   A        B        C        D        E       F      G
               +--------+--------+--------+--------+--------+-----+--------+
         Total |   7548 |   7348 |    200 |   3211 |   2039 |   7 | 1078.3 |
       Dungeon |   6271 |   6071 |    200 |   2575 |   2039 |   6 | 1045.2 |
         Sewer |   1276 |   1276 |      0 |    636 |      0 |   1 | 1276.0 |
               +--------+--------+--------+--------+--------+-----+--------+

Top non-repeatable levels by time:
     D:3: 1723 daAuts
   Sewer: 1276 daAuts
     D:1: 1216 daAuts
     D:2: 1184 daAuts
     D:5: 1048 daAuts
     D:4: 1025 daAuts
     D:6: 73 daAuts
